 Seeded DCSS version 0.29-a0-378-gc08b2e8bf8 (webtiles) character file.

Game seed: 4592794316462392215 (custom seed)

11911 zeratav the Markstengu (level 11, -11/68 HPs)
             Began as a Tengu Hunter on May 5, 2022.
             Was an Elder of Fedhas.
             Killed from afar by Frances (56 damage)
             ... with an iron shot
             ... on level 12 of the Dungeon.
             The game lasted 00:20:50 (11543 turns).

zeratav the Markstengu (Tengu Hunter)              Turns: 11543, Time: 00:20:51

Health: -11/68     AC:  8    Str: 12    XL:     11   Next: 85%
Magic:  12/12      EV: 21    Int:  6    God:    Fedhas [****..]
Gold:   761        SH:  0    Dex: 22    Spells: 10/10 levels left

rFire   . . .      SeeInvis .   G - +6 longbow (vorpal) {bow}
rCold   . . .      Faith    .   (shield currently unavailable)
rNeg    . . .      Spirit   .   P - +0 troll leather armour
rPois   .          Reflect  .   y - +0 hat
rElec   .          Harm     .   (no cloak)
rCorr   .          Rampage  .   (no gloves)
Will    ++...      Rage     50% (boots unavailable)
Stlth   ++........              z - necklace of Bloodlust {*Rage Will++ Int-3 Slay+6}
HPRegen 1.01/turn               s - +4 ring of protection
MPRegen 0.13/turn               A - +4 ring of slaying

@: flying quickly and evasively, quick
A: beak, talons 3, nimble flight
a: Renounce Religion, Wall of Briars, Grow Ballistomycete, Overgrow


You were on level 12 of the Dungeon.
You worshipped Fedhas.
Fedhas was greatly pleased with you.
You visited 2 branches of the dungeon, and saw 13 of its levels.
You also visited: Ossuary and Bailey.

You collected 2094 gold pieces.
You spent 1333 gold pieces at shops.


Innate Abilities, Weirdness & Mutations

You have a beak for a mouth.
You have claws for feet.
Your magical nature lets you fly swiftly and evasively.


   Skills:
 - Level 8.0 Fighting
 + Level 17.0 Bows
 - Level 8.0 Dodging
 - Level 1.0 Stealth


You had 10 spell levels left.
You didn't know any spells.
Your spell library contained the following spells:

 Spells                   Type           Power      Damage    Failure   Level
 Apportation              Tloc           0%         N/A       54%         1
 Slow                     Hex            0%         N/A       54%         1
 Blink                    Tloc           0%         N/A       67%         2
 Static Discharge         Conj/Air       0%         N/A       67%         2
 Confusing Touch          Hex            0%         N/A       88%         3
 Lesser Beckoning         Tloc           0%         N/A       88%         3
 Tukima's Dance           Hex            0%         N/A       88%         3
 Vampiric Draining        Necr           0%         2d6       88%         3
 Olgreb's Toxic Radiance  Pois           0%         N/A       99%         4
 Passage of Golubria      Tloc           0%         N/A       99%         4
 Alistair's Intoxication  Tmut/Pois      0%         N/A       100%        5
 Lightning Bolt           Conj/Air       0%         1d11      100%        5
 Manifold Assault         Tloc           0%         N/A       100%        5
 Yara's Violent Unravell  Hex/Tmut       0%         3d3       100%        5
 Ozocubu's Refrigeration  Ice            0%         4d5       100%        7
 Ignition                 Fire           0%         3d3       100%        8
 Maxwell's Capacitive Co  Air            0%         ∞         100%        8

Inventory:

Hand Weapons
 G - a +6 vorpal longbow (weapon) {bow}
   (You acquired it in a bailey)
 K - a +2 longbow of freezing {bow}
   (You acquired it on level 2 of the Dungeon)
Armour
 y - a +0 hat (worn)
   (You bought it in a shop on level 4 of the Dungeon)
 P - a +0 troll leather armour (worn)
   (You found it on level 9 of the Dungeon)
 Q - a +2 robe of cold resistance
   (You took it off a wight on level 9 of the Dungeon)
Jewellery
 s - a +4 ring of protection (left hand)
   (You found it on level 3 of the Dungeon)
 z - the necklace of Bloodlust (around neck) {*Rage Will++ Int-3 Slay+6}
   (You bought it in a shop on level 4 of the Dungeon)

   [amulet of nothing]

   It extends the wearer's berserk rage when killing foes.
   Int:       It affects your intelligence (-3).
   Slay:      It affects your accuracy & damage with ranged weapons and melee
   (+6).
   *Rage:     It berserks you when you make melee attacks (+50% chance).
   Will:      It greatly increases your willpower.
 A - a +4 ring of slaying (right hand)
   (You bought it in a shop on level 4 of the Dungeon)
 O - a ring of poison resistance
   (You found it on level 9 of the Dungeon)
Wands
 h - a wand of iceblast (11)
   (You found it on level 2 of the Dungeon)
 B - a wand of flame (2)
   (You found it on level 10 of the Dungeon)
 D - a wand of paralysis (6)
   (You found it on level 7 of the Dungeon)
 H - a wand of digging (8)
   (You found it on level 8 of the Dungeon)
 M - a wand of mindburst (1)
   (You found it on level 11 of the Dungeon)
 S - a wand of acid (1)
   (You found it on level 10 of the Dungeon)
Scrolls
 a - a scroll of vulnerability {!r!r}
 c - 5 scrolls of immolation {!r!r}
 f - 3 scrolls of amnesia
 g - a scroll of fear
 i - a scroll of poison {!r}
 j - 4 scrolls of fog
 n - 5 scrolls of teleportation {@r4}
 p - a scroll of enchant armour
 q - 3 scrolls of blinking {!r}
 t - a scroll of enchant weapon
 w - 3 scrolls of brand weapon
 F - a scroll of summoning
 J - a scroll of silence {!r}
Potions
 b - a potion of ambrosia {unknown}
 d - 4 potions of lignification {!q}
 k - 6 potions of brilliance
 l - a potion of berserk rage {unknown}
 o - 4 potions of curing {@q1}
 r - a potion of invisibility {unknown}
 u - 3 potions of mutation {unknown}
 x - 2 potions of resistance {unknown}
 I - 4 potions of might {unknown}
Miscellaneous
 C - a condenser vane
   (You found it on level 9 of the Dungeon)
 R - a piece from Xom's chessboard (15/15)
   (You found it on level 10 of the Dungeon)

Dungeon Overview and Level Annotations

Branches:
Dungeon (12/15)            Temple (1/1) D:6            Lair (0/6) D:10
    Orc (0/2) D:12        Ossuary (visited)          Bailey (visited)

Altars:
Ashenzari
Cheibriados
Dithmenos
Elyvilon
Fedhas
Gozag
Hepliaklqana
Kikubaaqudgha
Makhleb
Nemelex Xobeh
Okawaru
Qazlal
Ru
Sif Muna
Trog
Uskayaw
Vehumet
Wu Jian
Xom
Yredelemnul
Zin
The Shining One
Beogh

Shops:
D:1 ?   D:4 [=   D:5 *   D:6 =*   D:12 [

Portals:
Trove: D:11 (give +3 gold dragon scales)

Annotations:
D:9 2 transporters
D:12 Frances

.#### ########
.....##.....@#####
....................
..........@.........
#.........4#####.###
#.......<#.......#
#.......)))..$$..#
#..............$.#
#.......).........
...............?..


You could see Frances (fast) and an ice devil (summoned).


Message History

5 poisoned darts {throwing}; a +0 dagger {short} You see here a +0 dagger {short}.
There is a stone staircase leading down here.
You fly downwards.
Level annotation: 2 transporters
There is a stone staircase leading up here.
There is a stone staircase leading down here.
You fly downwards.
There is a stone staircase leading up here.
There is a stone staircase leading down here.
You fly downwards.
There is a stone staircase leading up here.
Really read
q - 3 scrolls of blinking {!r}?
Okay, then.
As you read the scroll of identify {@r1}, it crumbles to dust.
i - a scroll of poison
As you read the scroll of identify {@r1}, it crumbles to dust.
t - a scroll of enchant weapon
As you read the scroll of identify {@r1}, it crumbles to dust.
v - a scroll of noise
As you read the scroll of identify {@r1}, it crumbles to dust.
F - a scroll of summoning
As you read the scroll of identify {@r1}, it crumbles to dust.
J - a scroll of silence
Okay, then.
You drop 5 potions of degeneration {!q@e2}.
You drop 5 potions of flight.
You drop a scroll of noise {!r}.
(D) Dungeon (T) Temple (L) Lair
Where to? (Enter - D:11, ? - help)
There is a stone staircase leading down here.
You fly downwards.
The orc shouts! x3; The troll shouts!
The orc shouts!
You hear a shout!
Found 78 gold pieces and a scroll of teleportation.
Found Golin's Armour Boutique.
Found a staircase to the Orcish Mines.
There is a stone staircase leading up here.
There are monsters nearby!
You shoot an arrow. The arrow barely misses the orc.
You shoot an arrow. The arrow hits the orc!!
You kill the orc!
Fedhas appreciates your contribution to the ecosystem.
You shoot an arrow. The arrow hits the orc!
You kill the orc!
Fedhas appreciates your contribution to the ecosystem.
You shoot an arrow. The arrow hits the orc!
You kill the orc!
Fedhas appreciates your contribution to the ecosystem.
Frances, Duchess of Pandemonium comes into view.
She is wielding a +0 glaive.
You shoot an arrow. The arrow closely misses the troll.
Shoot: G) +6 longbow (vorpal) {bow}
Press: ? - help, Q - select action, (/) - cycle Shift-Dir - straight line, f - Frances, p - troll
Aim: Frances, wielding a +0 glaive and wearing a +0 chain mail (83% to hit)
You shoot an arrow. The arrow hits Frances!!
Shoot: G) +6 longbow (vorpal) {bow}
Press: ? - help, Q - select action, (/) - cycle Shift-Dir - straight line, f/p - Frances
Aim: Frances, wielding a +0 glaive and wearing a +0 chain mail (moderately wounded, 83% to hit)
You shoot an arrow. The arrow hits the troll!!
You kill the troll!
Fedhas appreciates your contribution to the ecosystem.
Frances whispers indecipherable words.
Frances seems to speed up.
The orc hits you with a +0 dagger.
Your Bows skill increases to level 17!
HP[-3]
You take 3 damage, and now have 65/68 hp.
Shoot: G) +6 longbow (vorpal) {bow}
Press: ? - help, Q - select action, (/) - cycle Shift-Dir - straight line, f/p - Frances
Aim: Frances, wielding a +0 glaive and wearing a +0 chain mail (moderately wounded, fast, 83% to hit)
You shoot an arrow. The arrow hits the orc.
The orc barely misses you. The orc completely misses you.
HP[+1] Shoot: G) +6 longbow (vorpal) {bow}
Press: ? - help, Q - select action, (/) - cycle Shift-Dir - straight line, f/p - Frances
Aim: Frances, wielding a +0 glaive and wearing a +0 chain mail (moderately wounded, fast, 83% to hit)
You shoot an arrow. The arrow hits the orc!
You kill the orc!
Fedhas appreciates your contribution to the ecosystem.
HP[+1] Shoot: G) +6 longbow (vorpal) {bow}
Press: ? - help, Q - select action, (/) - cycle Shift-Dir - straight line, f - orc
Aim: an orc, wielding a +0 dagger (79% to hit)
You shoot an arrow. The arrow hits the orc!!
You kill the orc!
Fedhas appreciates your contribution to the ecosystem.
HP[+1]
Your hp is fully restored (68).
Frances whispers indecipherable words.
There is a stone staircase leading up here.
Frances attacks as you move away! Frances completely misses you.
Frances hits you from afar with a +0 glaive!!
HP[-27]
You take 27 damage, and now have 41/68 hp.
MASSIVE DAMAGE!! (PAUSE) HP[+1] HP[+1] HP[+1] Frances whispers indecipherable words.
The iron shot hits you!!!
Ouch! That really hurt!
You die...
Fedhas appreciates your contribution to the ecosystem.

Skill      XL: |  1  2  3  4  5  6  7  8  9 10 11 |
---------------+----------------------------------+-----
Bows           | 5 6 7 8 10 12 14 17 | 17.0
Dodging        | 3 7 8 |  8.0
Fighting       | 3 6 8 |  8.0
Stealth        | |  1.0

Action                   |  1- 3 |  4- 6 |  7- 9 | 10-12 || total
-------------------------+-------+-------+-------+-------++-------
 Fire: Shortbow          |    84 |       |       |       ||    84
       Longbow           |       |    84 |   160 |   210 ||   454
  Use: Scroll            |       |     3 |       |    19 ||    22
Armor: Leather armour    |    14 |     6 |    30 |     2 ||    52
       Troll leather arm |       |       |       |    21 ||    21
Dodge: Dodged            |    24 |    20 |    82 |    81 ||   207

Levels and vault maps discovered:
D:1:      dpeg_arrival_leaves_temple_mockup, layout_basic, serial_shops,
          nicolae_shop_waterfront, shapermc_ecumenical_altar_notcrosses
D:2:      layout_basic, interstate_on_off, minivault_11
D:3:      layout_basic, grunt_decor_cap
D:4:      nicolae_cairo_tiling_large, layout_cave_pools,
          kiku_gazebo_pond_becter, nicolae_wooded_promenade,
          kennysheep_generic_room_13
D:5:      layout_basic, serial_shops, nicolae_diamond_shop,
          lightli_ossuary_entry_decrepit_ruins, hangedman_abyss_or_decor_stagger
D:6:      layout_loops_corners, minmay_temple_entry_gardened_gates,
          serial_shops, kennysheep_mini, nicolae_elemental_shop,
          minmay_misc_feat_nine_boxes, minmay_holes, minmay_misc_feat_columns
D:7:      layout_loops_ring, mainiacjoe_overflow_chevrons, uniq_pikel
D:8:      layout_cave_pods, lemuel_round_altar, enter_bailey_5
D:9:      gammafunk_beogh_shrine, layout_layer_cave,
          mainiacjoe_overflow_tiny_flanked
D:10:     layout_basic, grunt_lair_entry_orc_guard_hut
D:11:     layout_long_grid, nicolae_trove_entry_crystal, hangedman_weighted_door
D:12:     layout_layer_cave, orc_david_3, uniq_frances
Temple:   mainiacjoe_temple_coin_purse

Notes
Turn   | Place    | Note
-------+----------+-------------------------------------------
     0 | D:1      | zeratav the Tengu Hunter began the quest for the Orb.
     0 | D:1      | Reached XP level 1. HP: 12/12 MP: 2/2
     0 | D:1      | magus.rc [v1.9.6]
    55 | D:1      | Found Negukk's Magic Scroll Shoppe.
   105 | D:1      | Reached XP level 2. HP: 11/17 MP: 3/3
   213 | D:1      | You pick up a book of Party Tricks and begin reading...
   213 | D:1      | You add the spells Apportation and Alistair's Intoxication
                  | to your library.
   331 | D:1      | Found a faded altar of an unknown god.
   355 | D:1      | Reached skill level 5 in Bows
   650 | D:1      | Reached XP level 3. HP: 15/21 MP: 4/4
  1724 | D:2      | Reached skill level 6 in Bows
  1724 | D:2      | Reached XP level 4. HP: 26/26 MP: 5/5
  1902 | D:2      | Identified a scroll of acquirement
  1903 | D:2      | Acquired a +2 longbow of freezing
  1995 | D:3      | Gained mutation: Your magical nature lets you fly swiftly
                  | and evasively. [Tengu growth]
  1995 | D:3      | Reached XP level 5. HP: 15/30 MP: 6/6
  2241 | D:3      | Acquired 1211 gold pieces
  2290 | D:3      | Reached skill level 7 in Bows
  2412 | D:3      | Identified the +2 ring mail of the Albatross {rF+ Will-
                  | rCorr}
  2415 | D:3      | You add the spells Tukima's Dance, Passage of Golubria and
                  | Yara's Violent Unravelling to your library.
  2844 | D:4      | Reached XP level 6. HP: 35/35 MP: 7/7
  2845 | D:4      | Reached skill level 8 in Bows
  3126 | D:4      | Found Bewink's Armour Emporium.
  3126 | D:4      | Found Sastiyf's Jewellery Shop.
  3134 | D:4      | Bought a +0 hat for 48 gold pieces
  3139 | D:4      | Bought the necklace of Bloodlust {*Rage Will++ Int-3
                  | Slay+6} for 397 gold pieces
  3139 | D:4      | Found the necklace of Bloodlust {*Rage Will++ Int-3 Slay+6}
  3139 | D:4      | Bought a +4 ring of slaying for 780 gold pieces
  3165 | D:4      | Found an ancient bone altar of Kikubaaqudgha.
  3171 | D:4      | Reached XP level 7. HP: 40/40 MP: 8/8
  3219 | D:4      | Reached skill level 9 in Bows
  3548 | D:5      | Entered Level 5 of the Dungeon
  3548 | D:5      | Found Reak's General Store.
  3668 | D:5      | Reached skill level 10 in Bows
  3745 | D:5      | Reached XP level 8. HP: 17/44 MP: 9/9
  3899 | D:5      | You pick up a book of Lightning and begin reading...
  3899 | D:5      | You add the spells Static Discharge, Lightning Bolt and
                  | Maxwell's Capacitive Coupling to your library.
  3963 | D:5      | Found a sand-covered staircase.
  3967 | Ossuary  | Entered an ossuary
  3977 | Ossuary  | Reached skill level 11 in Bows
  4819 | D:6      | Found a staircase to the Ecumenical Temple.
  4829 | Temple   | Entered the Ecumenical Temple
  4953 | Temple   | Became a worshipper of Fedhas Madash
  5291 | D:6      | Found Immutua's Jewellery Emporium.
  5444 | D:6      | Found Xihosch's Elemental Accessories.
  5573 | D:6      | Reached skill level 12 in Bows
  5853 | D:7      | Reached skill level 3 in Dodging
  5909 | D:7      | Reached skill level 3 in Fighting
  5920 | D:7      | Found a basalt altar of Yredelemnul.
  5977 | D:7      | Reached XP level 9. HP: 51/51 MP: 10/10
  6000 | D:7      | Reached skill level 4 in Dodging
  6002 | D:7      | Noticed Pikel
  6077 | D:7      | Reached skill level 4 in Fighting
  6182 | D:7      | Reached skill level 5 in Dodging
  6227 | D:7      | Killed Pikel
  6227 | D:7      | Reached * piety under Fedhas
  6228 | D:7      | Reached skill level 5 in Fighting
  6228 | D:7      | Reached skill level 6 in Dodging
  6457 | D:8      | Reached skill level 6 in Fighting
  6514 | D:8      | Found a sacrificial altar of Ru.
  6670 | D:8      | Reached skill level 7 in Dodging
  6722 | D:8      | Found a flagged portal.
  6747 | Bailey   | Entered a bailey
  6837 | Bailey   | Reached XP level 10. HP: 61/61 MP: 11/11
  6855 | Bailey   | Noticed a kobold demonologist
  6864 | Bailey   | Killed a kobold demonologist
  6865 | Bailey   | Reached skill level 7 in Fighting
  6945 | Bailey   | Reached skill level 8 in Dodging
  7039 | Bailey   | Noticed an orc knight
  7050 | Bailey   | Killed an orc knight
  7051 | Bailey   | Reached skill level 8 in Fighting
  7068 | Bailey   | Acquired a +6 vorpal longbow
  7128 | Bailey   | Reached ** piety under Fedhas
  7316 | Bailey   | Reached skill level 13 in Bows
  7445 | Bailey   | Found an iron altar of Okawaru.
  7445 | Bailey   | Noticed an orc high priest
  7445 | Bailey   | Noticed an orc knight
  7461 | Bailey   | Noticed a sun demon
  7464 | Bailey   | HP: 11/64 [sun demon[an orc high priest] (18)]
  7469 | Bailey   | Killed an orc high priest
  7727 | Bailey   | Killed an orc knight
  7728 | Bailey   | Reached skill level 14 in Bows
  7885 | Bailey   | You pick up a book of Spatial Translocations and begin
                  | reading...
  7885 | Bailey   | You add the spells Blink, Lesser Beckoning and Manifold
                  | Assault to your library.
  7918 | Bailey   | Identified the +0 robe of Jesm {Harm Regen+ Int+3}
  7991 | Bailey   | Identified the +7 flail of Fuzzy Honour {venom, rF- Dex+4
                  | Stlth+}
  8642 | D:9      | Reached XP level 11. HP: 68/68 MP: 12/12
  8726 | D:9      | Found a radiant altar of Vehumet.
  8757 | D:9      | Reached *** piety under Fedhas
  8859 | D:9      | Found a transporter.
  8863 | D:9      | Found a transporter.
  8916 | D:9      | You add the spells Olgreb's Toxic Radiance, Ozocubu's
                  | Refrigeration and Ignition to your library.
  9238 | D:10     | Entered Level 10 of the Dungeon
  9291 | D:10     | Reached skill level 15 in Bows
  9314 | D:10     | Noticed a two-headed ogre
  9319 | D:10     | Killed a two-headed ogre
  9865 | D:10     | Found a staircase to the Lair.
 10237 | D:11     | Noticed a manticore
 10239 | D:11     | Killed a manticore
 10288 | D:11     | You pick up a book of Debilitation and begin reading...
 10288 | D:11     | You add the spells Slow, Vampiric Draining and Confusing
                  | Touch to your library.
 10347 | D:11     | Noticed a two-headed ogre
 10353 | D:11     | Killed a two-headed ogre
 10354 | D:11     | Reached skill level 16 in Bows
 10371 | D:11     | Found a portal to a secret trove of treasure.
 10678 | D:11     | HP: 16/68 [centaur warrior skeleton (3)]
 10814 | D:11     | Reached **** piety under Fedhas
 11208 | D:1      | Bought a scroll of identify for 20 gold pieces
 11208 | D:1      | Bought a scroll of identify for 20 gold pieces
 11208 | D:1      | Bought a scroll of identify for 20 gold pieces
 11320 | D:5      | Bought a scroll of identify for 24 gold pieces
 11320 | D:5      | Bought a scroll of identify for 24 gold pieces
 11525 | D:12     | Found a staircase to the Orcish Mines.
 11525 | D:12     | Found Golin's Armour Boutique.
 11529 | D:12     | Noticed Frances
 11533 | D:12     | Reached skill level 17 in Bows
 11543 | D:12     | Killed from afar by Frances

Vanquished Creatures
  2 two-headed ogres
  An orc high priest (Bailey)
  Pikel (D:7)
  2 orc knights (Bailey)
  A manticore (D:11)
  A spectral centaur (D:11)
  2 centaur zombies (D:11)
  2 centaur skeletons (D:11)
  A kobold demonologist (Bailey)
  3 trolls
  A hornet (D:9)
  2 shadows
  A yak (D:10)
  2 wyverns (D:7)
  A steam dragon (D:8)
  An ice beast (D:6)
  15 orc warriors
  An ogre (D:5)
  A black bear (D:8)
  4 centaurs
  4 lemures (D:7)
  A phantom (D:4)
  2 kobold brigands
  2 necrophages
  5 bullfrogs
  A gnoll sergeant (D:9)
  5 scorpions
  10 wights
  3 killer bees (D:9)
  4 electric eels (Bailey)
  4 howler monkeys
  2 jellies
  2 human zombies (Ossuary)
  3 hounds
  2 gnoll shamans
  3 orc priests
  3 iguanas
  11 orc wizards
  4 mummies (Ossuary)
  11 gnolls
  8 adders
  A shadow imp (D:6)
  An adder zombie (Ossuary)
  A dart slug (D:3)
  32 orcs
  8 ball pythons
  4 endoplasms
  4 giant cockroaches
  16 goblins
  15 hobgoblins
  8 kobolds
  5 quokkas
  8 bats
  3 frilled lizards
  A gnoll zombie (Ossuary)
  3 goblin zombies (Ossuary)
  3 hobgoblin zombies (Ossuary)
  A jackal zombie (Ossuary)
  A kobold zombie (Ossuary)
  4 rats
254 creatures vanquished.

Vanquished Creatures (others)
  2 fungi (D:10)
2 creatures vanquished.

Grand Total: 256 creatures vanquished

Table legend:
 A = Non-vault XP
 B = Vault XP
 C = Vault XP percentage of total XP
 D = Non-vault monster count
 E = Vault monster count
 F = Vault count percentage of total count
                 A         B        C        D         E       F
            +---------+---------+-------+---------+---------+-------
      Total |    8984 |    8033 |  47.2 |     176 |      74 |  29.6
            +---------+---------+-------+---------+---------+-------
        D:1 |      34 |       0 |   0.0 |      21 |       0 |   0.0
        D:2 |      55 |       0 |   0.0 |      12 |       0 |   0.0
        D:3 |     190 |       0 |   0.0 |      25 |       0 |   0.0
        D:4 |     537 |       2 |   0.4 |      27 |       1 |   3.6
        D:5 |     617 |       0 |   0.0 |      11 |       0 |   0.0
        D:6 |     417 |       0 |   0.0 |       9 |       0 |   0.0
        D:7 |    1190 |     663 |  35.8 |      16 |       1 |   5.9
        D:8 |     788 |       7 |   0.9 |      17 |       4 |  19.0
        D:9 |    1596 |       0 |   0.0 |      21 |       0 |   0.0
       D:10 |    1304 |     592 |  31.2 |       8 |       5 |  38.5
       D:11 |    1960 |    2260 |  53.6 |       8 |       5 |  38.5
       D:12 |     296 |      15 |   4.8 |       1 |       5 |  83.3
    Ossuary |       0 |     175 | 100.0 |       0 |      16 | 100.0
     Bailey |       0 |    4319 | 100.0 |       0 |      37 | 100.0
            +---------+---------+-------+---------+---------+-------

Illustrated notes

Table legend:
 A = Kills in this place as a percentage of kills in entire the game.
 B = Kills by you in this place as a percentage of kills by you in the entire game.
 C = Kills by friends in this place as a percentage of kills by friends in the entire game.
 D = Other kills in this place as a percentage of other kills in the entire game.
 E = Experience gained in this place as a percentage of experience gained in the entire game.
 F = Experience gained in this place divided by the number of levels of this place that you have seen.
                   A       B       C       D       E      F
               +-------+-------+-------+-------+-------+----------------------
         Total | 100.0 | 100.0 |   N/A |   N/A | 100.0 | 1134.5
       Dungeon |  78.8 |  78.8 |   N/A |   N/A |  73.6 | 1043.6
       Ossuary |   6.4 |   6.4 |   N/A |   N/A |   1.0 | 175.0
        Bailey |  14.8 |  14.8 |   N/A |   N/A |  25.4 | 4319.0
               +-------+-------+-------+-------+-------+----------------------

Table legend: (Time is in decaauts)
 A = Elapsed time spent in this place.
 B = Non-inter-level travel time spent in this place.
 C = Inter-level travel time spent in this place.
 D = Time resting spent in this place.
 E = Time spent auto-exploring this place.
 F = Levels seen in this place.
 G = Mean time per level.
                   A        B        C        D        E       F      G
               +--------+--------+--------+--------+--------+-----+--------+
         Total |  10953 |   9842 |   1111 |    920 |   7237 |  15 |  730.2 |
       Dungeon |   9176 |   8074 |   1102 |    288 |   6655 |  12 |  764.7 |
        Temple |    120 |    112 |      8 |      0 |     77 |   1 |  120.0 |
       Ossuary |    375 |    375 |      0 |    193 |    109 |   1 |  375.0 |
        Bailey |   1280 |   1280 |      0 |    439 |    395 |   1 | 1280.0 |
               +--------+--------+--------+--------+--------+-----+--------+

Top non-repeatable levels by time:
  Bailey: 1280 daAuts
     D:2: 1122 daAuts
     D:1: 938 daAuts
    D:10: 918 daAuts
     D:8: 897 daAuts
     D:5: 892 daAuts
     D:6: 875 daAuts
     D:3: 874 daAuts
     D:4: 777 daAuts
    D:11: 675 daAuts
     D:7: 612 daAuts
     D:9: 576 daAuts
 Ossuary: 375 daAuts
  Temple: 120 daAuts
    D:12: 17 daAuts
